 Dungeon Crawl Stone Soup version 0.27.0-65-ge2af304b15 (webtiles) character file.

Game seed: 3271786125687535413

123 Crownlay the Chopper (level 5, 0/45 HPs)
             Began as a Hill Orc Fighter on Aug 18, 2021.
             Slain by a worm (8 damage)
             ... on level 3 of the Dungeon.
             The game lasted 00:02:39 (2096 turns).

Crownlay the Chopper (Hill Orc Fighter)             Turns: 2096, Time: 00:02:40

Health: 0/45       AC:  6    Str: 20    XL:     5   Next: 7%
Magic:  5/5        EV:  9    Int:  8    God:
Gold:   63         SH:  0    Dex: 10    Spells: 4/4 levels left

rFire    + . .     SeeInvis .   a - +0 war axe
rCold    x . .     Faith    .   (no shield)
rNeg     . . .     Spirit   .   b - +0 scale mail
rPois    .         Reflect  .   (no helmet)
rElec    .         Harm     .   (no cloak)
rCorr    .         Rampage  .   (no gloves)
Will     .....                  (no boots)
Stlth    ..........             (no amulet)
HPRegen  0.15/turn              k - ring of fire
MPRegen  0.09/turn              (no ring)

@: no status effects
A: no striking features
a: no special abilities


You were on level 3 of the Dungeon.
You visited 1 branch of the dungeon, and saw 3 of its levels.

You collected 63 gold pieces.

Inventory:

Hand Weapons
 a - a +0 war axe (weapon)
Missiles
 h - 4 javelins (quivered)
Armour
 b - a +0 scale mail (worn)
 c - a +1 kite shield
Jewellery
 k - a ring of fire (left hand)
Scrolls
 d - a scroll of teleportation {unknown}
 e - a scroll of enchant armour
 f - a scroll of brand weapon {unknown}
 g - a scroll of fog {unknown}
 i - a scroll of blinking {unknown}
Potions
 j - a potion of attraction {unknown}


   Skills:
 - Level 3.6 Fighting
 + Level 6.7 Axes
 - Level 3.2 Armour
 - Level 3.2 Shields


You had 4 spell levels left.
You didn't know any spells.
Your spell library was empty.

Dungeon Overview and Level Annotations

Branches:
Dungeon (3/15)

Altars:
Dithmenos

Shops:
D:1 *(


Message History

The jelly is heavily wounded.
The jelly hits you.
You are splashed with acid!
You slash the jelly!
Your hands burn!
The jelly is almost dead.
The jelly barely misses you.
You slash the jelly!
You kill the jelly!
You have reached level 5!
You feel stronger.
You barely miss the endoplasm. The endoplasm barely misses you.
You slash the endoplasm!
You kill the endoplasm!
There is a stone staircase leading down here.
You climb downwards.
You hear the sound of rushing water.
There is an entrance to a sewer on this level.
Hurry and find it before the portal rusts away!
There is a stone staircase leading up here.
A worm comes into view.
A hobgoblin comes into view.
You are too injured to fight recklessly!
The hobgoblin barely misses you.
You barely miss the hobgoblin.
The hobgoblin hits you but does no damage.
You slash the hobgoblin!
You kill the hobgoblin!
You see here a hobgoblin corpse.
You slash the worm!
The worm is moderately wounded.
The worm bites you!
* * * LOW HITPOINT WARNING * * *
You slash the worm!
The worm is severely wounded.
You barely miss the worm.
The worm is severely wounded.
The worm bites you.
* * * LOW HITPOINT WARNING * * *
You hit the worm.
The worm is severely wounded.
The worm bites you!
You die...

#. ... ### .w..
##########.##.....
#..†...@w.........
#..######.#.#.....
#.# #.##<# #.# #.
........#
####.#### ##


You could see a worm.

Vanquished Creatures
  A jelly (D:2)
  Terence (D:2)
  3 adders (D:2)
  A worm (D:2)
  5 ball pythons
  4 endoplasms
  A giant cockroach (D:1)
  2 goblins
  2 hobgoblins
  2 quokkas (D:1)
  6 bats
  3 frilled lizards
  6 kobolds
  3 rats
40 creatures vanquished.

Notes
Turn   | Place    | Note
-------+----------+-------------------------------------------
     0 | D:1      | Crownlay the Hill Orc Fighter began the quest for the Orb.
     0 | D:1      | Reached XP level 1. HP: 19/19 MP: 1/1
    91 | D:1      | Reached skill level 3 in Axes
   164 | D:1      | Found Tuacuab's General Store.
   174 | D:1      | Reached XP level 2. HP: 25/26 MP: 2/2
   225 | D:1      | Reached skill level 4 in Axes
   270 | D:1      | Found Wuiggyte's Antique Weapon Emporium.
   511 | D:1      | Found a faded altar of an unknown god.
   626 | D:2      | Reached XP level 3. HP: 26/31 MP: 3/3
   791 | D:2      | Noticed Terence
   803 | D:2      | Killed Terence
   804 | D:2      | Reached skill level 5 in Axes
  1006 | D:2      | Reached XP level 4. HP: 39/39 MP: 4/4
  1066 | D:2      | Found a shadowy altar of Dithmenos.
  1298 | D:2      | Reached skill level 6 in Axes
  2072 | D:2      | Reached XP level 5. HP: 17/45 MP: 5/5
  2096 | D:3      | Slain by a worm

Illustrated notes

Levels and vault maps discovered:
D:1:      lightli_arrival_chessboard, layout_basic,
          chequers_ecumenical_altar_simple_redux, serial_shops,
          nicolae_lakefront_shop, shop, hangedman_decor_growths
D:2:      layout_basic, basic_altar, uniq_terence
D:3:      layout_loops_ring, nicolae_ru_awakened_eye, gup_sewer_entry_pipe,
          biasface_ghost_orc_armoury, hangedman_feature_mirror

Skill      XL: |  1  2  3  4 |
---------------+-------------+-----
Axes           | 3 4 5 6 |  6.7
Fighting       | |  3.6
Armour         | |  3.2
Shields        | |  3.2

Action                   |  1- 3 |  4- 6 || total
-------------------------+-------+-------++-------
Melee: War axe           |    57 |    69 ||   126
  Use: Potion            |     1 |       ||     1
       Scroll            |       |     1 ||     1
Armor: Scale mail        |    25 |    38 ||    63
Dodge: Dodged            |    29 |    36 ||    65
